 Dungeon Crawl Stone Soup version 0.30-a0-475-g03497ec522 (webtiles) character file.

Game seed: 4771478649195213376

276002 ragingrage the Tortoise (level 19, -11/141 HPs)
             Began as a Barachi Reaver on Dec 20, 2022.
             Was the Champion of Hepliaklqana.
             Mangled by a juggernaut (27 damage)
             ... on level 4 of the Abyss.
             The game lasted 01:16:35 (37823 turns).

ragingrage the Tortoise (Barachi Reaver)           Turns: 37823, Time: 01:16:36

Health: -11/141    AC: 22    Str: 16    XL:     19   Next: 89%
Magic:  0/37       EV: 14    Int: 15    God:    Hepliaklqana [******]
Gold:   780        SH:  2    Dex: 17    Spells: 18/24 levels left

rFire   + . .      SeeInvis +    b - +2 arbalest (freeze)
rCold   + . .      Faith    .    (shield currently unavailable)
rNeg    + . .      Spirit   +    p - +1 scale mail of the Solstice {rCorr Int+2 Slay+6}
rPois   .          Reflect  .    Y - +0 hat {SInv}
rElec   +          Harm     .    h - scarf {repulsion}
rCorr   +          Rampage  .    E - +1 pair of gloves of Mopeonak {rN+ Will+}
Will    ++...                    c - +3 pair of mountain boots {steadfast, rC+}
Stlth   ++........               g - amulet "Wyxkor" {Spirit rElec Regen+}
HPRegen 1.23/turn                O - ring of the Octopus King {HP+2 MP+9 AC+2 EV+2 SH+2}
MPRegen 0.25/turn                l - ring "Ottac" {rElec rF+ Slay+3}

@: about to teleport, unable to hop, hasted, glowing, repel missiles, very quick
A: reduced essence, amphibious, slowness 1, strong legs 2, +LOS
}: 3/15 runes: decaying, serpentine, abyssal
a: Hop, Renounce Religion, Recall Ancestor, Ancestor Identity, Transference,
Idealise


You were on level 4 of the Abyss.
You worshipped Hepliaklqana.
Hepliaklqana was exalted by your worship.
You visited 6 branches of the dungeon, and saw 33 of its levels.
You visited the Abyss 1 time.
You visited 1 bazaar.
You also visited: Wizlab.

You collected 2907 gold pieces.
You spent 2127 gold pieces at shops.

Inventory:

Hand Weapons
 a - a +0 antimagic arbalest
 b - a +2 arbalest of freezing (weapon)
 J - a +0 demon blade of draining
Missiles
 z - 12 curare-tipped darts
 A - a throwing net
Armour
 c - the +3 pair of mountain boots (worn) {steadfast, rC+}
   (You acquired it on level 4 of the Lair of Beasts)

   It prevents involuntary movement, except for blinking, teleportation, or
   banishment.
   rC:        It protects you from cold.
 h - a scarf of repulsion (worn)
 p - the +1 scale mail of the Solstice (worn) {rCorr Int+2 Slay+6}
   (You found it in a wizard's laboratory)

   Int:       It affects your intelligence (+2).
   Slay:      It affects your accuracy & damage with ranged weapons and melee
   (+6).
   rCorr:     It protects you from acid and corrosion.
 v - a +2 cloak
 E - the +1 pair of gloves of Mopeonak (worn) {rN+ Will+}
   (You acquired it on level 4 of the Lair of Beasts)

   rN:        It protects you from negative energy.
   Will:      It increases your willpower.
 Y - a +0 hat of see invisible (worn)
Jewellery
 g - the amulet "Wyxkor" (around neck) {Spirit rElec Regen+}
   (You found it on level 2 of the Lair of Beasts)

   [amulet of guardian spirit]

   It causes incoming damage to be divided between your reserves of health and
   magic.
   rElec:     It insulates you from electricity.
   Regen:     It increases your rate of health regeneration.
 l - the ring "Ottac" (right hand) {rElec rF+ Slay+3}
   (You found it on level 5 of the Lair of Beasts)

   [ring of protection from fire]

   Slay:      It affects your accuracy & damage with ranged weapons and melee
   (+3).
   rF:        It protects you from fire.
   rElec:     It insulates you from electricity.
 O - a ring of the Octopus King (left hand) {HP+2 MP+9 AC+2 EV+2 SH+2}
   (You found it on level 8 of the Dungeon)

   [ring of magical power]

   AC:        It affects your AC (+2).
   EV:        It affects your evasion (+2).
   HP:        It affects your health (+2).
   MP:        It affects your magic capacity (+9).
   SH:        It affects your SH (+2).
 U - a ring of resist corrosion
Wands
 B - a wand of light (19)
 H - a wand of roots (26)
 I - a wand of mindburst (24)
 M - a wand of charming (13)
 R - a wand of flame (52)
 Z - a wand of digging (6)
Scrolls
 d - 6 scrolls of vulnerability
 e - 7 scrolls of fear
 j - 7 scrolls of magic mapping
 n - 4 scrolls of torment
 o - 2 scrolls of fog
 q - 9 scrolls of teleportation
 y - a scroll of silence
 C - 2 scrolls of poison
 F - 2 scrolls of blinking
 L - a scroll of brand weapon
 Q - 6 scrolls of immolation
Potions
 f - 4 potions of haste
 i - 3 potions of ambrosia
 k - 6 potions of heal wounds
 r - 8 potions of attraction
 s - 8 potions of cancellation
 t - 6 potions of brilliance
 u - 5 potions of resistance
 w - 3 potions of magic
 x - 6 potions of flight
 G - 5 potions of might
 K - 11 potions of curing
 N - 4 potions of mutation
 P - 3 potions of invisibility
 T - 2 potions of lignification
 X - 9 potions of berserk rage
Miscellaneous
 m - a condenser vane
 D - a phial of floods
 V - a tin of tremorstones (2/2)
 W - a phantom mirror (inert)


   Skills:
 - Level 15.0 Fighting
 - Level 13.0 Long Blades
 - Level 18.0 Ranged Weapons
 + Level 19.5 Armour
 - Level 5.0 Dodging
 - Level 10.0 Stealth
 + Level 3.4 Spellcasting
 - Level 5.0 Conjurations
 - Level 5.0 Hexes
 + Level 9.0 Translocations
 - Level 12.0 Invocations
 - Level 9.0 Evocations


You had 18 spell levels left.
You knew the following spells:

 Your Spells              Type           Power      Damage    Failure   Level
a - Kiss of Death         Conj/Necr      40%        2d8       14%         1
b - Blink                 Tloc           58%        N/A       1%          2
c - Portal Projectile     Hex/Tloc       46%        N/A       7%          3

Your spell library contained the following spells:

 Spells                   Type           Power      Damage    Failure   Level
 Apportation              Tloc           58%        N/A       1%          1
 Momentum Strike          Conj/Tloc      46%        3d9       3%          2
 Gell's Gravitas          Tloc           29%        N/A       3%          3
 Lesser Beckoning         Tloc           58%        N/A       3%          3
 Teleport Other           Tloc           29%        N/A       3%          3
 Magic Dart               Conj           68%        1d6       5%          1
 Searing Ray              Conj           34%        2d5       8%          2
 Manifold Assault         Tloc           29%        N/A       10%         4
 Shock                    Conj/Air       40%        1d5       14%         1
 Dazzling Flash           Conj/Hex       34%        N/A       16%         3
 Ensorcelled Hibernation  Hex/Ice        20%        N/A       22%         2
 Iskenderun's Mystic Bla  Conj/Tloc      23%        2d6       22%         4
 Kindle Blastsparks       Fire/Tloc/Air  22%        2d11      34%         3
 Sting                    Tmut/Pois      8%         1d3       38%         1
 Hailstorm                Conj/Ice       10%        3d5       41%         3
 Fulminant Prism          Conj/Hex       8%         3d7       45%         4
 Call Imp                 Summ           2%         N/A       52%         2
 Passwall                 Tmut/Erth      1%         N/A       52%         2
 Poisonous Vapours        Pois/Air       4%         N/A       52%         2
 Mephitic Cloud           Conj/Pois/Air  7%         N/A       52%         3
 Call Canine Familiar     Summ           2%         N/A       77%         3
 Ignite Poison            Fire/Tmut/Pois 2%         N/A       77%         3
 Spider Form              Tmut/Pois      2%         N/A       77%         3
 Swiftness                Air            2%         N/A       77%         3
 Anguish                  Hex/Necr       5%         N/A       82%         4
 Leda's Liquefaction      Hex/Erth       5%         N/A       82%         4
 Sticky Flame             Conj/Fire      10%        2d3       82%         4
 Dispersal                Tloc           14%        N/A       83%         6
 Summon Forest            Summ/Tloc      8%         N/A       87%         5
 Airstrike                Air            1%         2d(1-17)  99%         4
 Animate Dead             Necr           2%         N/A       99%         4
 Olgreb's Toxic Radiance  Pois           2%         N/A       99%         4
 Summon Mana Viper        Hex/Summ       10%        N/A       99%         5
 Alistair's Intoxication  Tmut/Pois      1%         N/A       100%        5
 Borgnjor's Vile Clutch   Necr/Erth      1%         N/A       100%        5
 Lee's Rapid Deconstruct  Erth           1%         3d4*      100%        5
 Death Channel            Necr           1%         N/A       100%        6
 Starburst                Conj/Fire      5%         6d4       100%        6
 Summon Cactus Giant      Summ           1%         N/A       100%        6
 Enfeeble                 Hex            8%         N/A       100%        7
 Disjunction              Tloc           14%        N/A       100%        8
 Ignition                 Fire           1%         3d3       100%        8


Dungeon Overview and Level Annotations

Branches:
Dungeon (15/15)            Temple (0/1) D:6            Lair (5/5) D:9
  Swamp (4/4) Lair:2        Snake (4/4) Lair:3        Slime (0/5) Lair:5
    Orc (2/2) D:12            Elf (3/3) Orc:2        Vaults (0/5) D:14
 WizLab (visited)
 Depths: D:15

Altars:
Ashenzari
Cheibriados
Gozag
Hepliaklqana
Kikubaaqudgha
Makhleb
Nemelex Xobeh
Okawaru
Ru
Sif Muna
Trog
Uskayaw
Xom
Yredelemnul
Zin
Jiyva
Lugonu

Shops:
D:3 (   Orc:2 =([=*   Elf:1 :   Elf:2 (   Snake:1 !   Snake:4 (*=::

Portals:
Abyss: Lair:5

Annotations:
D:7 exclusion: downstairs
D:8 exclusion: downstairs
Lair:4 lotum's ghost, journeyman TeMo
Swamp:2 2 runed translucent doors, cforsyth's ghost, adept AtGl
Snake:1 exclusion: downstairs
Snake:2 exclusion: downstairs
Snake:4 3 runed translucent doors, exclusion: obsidian statue, Holoquod's ghost, adept MiMo
Elf:2 3 runed translucent doors
Elf:3 3 runed translucent doors, Zonian's ghost, adept DjIE


Innate Abilities, Weirdness & Mutations

Your life essence is reduced to manifest your ancestor. (-10% HP)
You are amphibious.
You cover ground slowly.
You can hop long distances.
You have an extended range of vision and can be seen from far away.


Message History

Aim: a juggernaut (heavily wounded, haloed, 97% to hit)
You shoot a bolt. The bolt hits the juggernaut!
The bolt freezes the juggernaut.
The juggernaut is heavily wounded.
Your juggernaut hits the cherub.
Your juggernaut completely misses the cherub.
The juggernaut hits you!!!
* * * LOW HITPOINT WARNING * * *
The juggernaut hits you but does no damage.
You feel much better.
The +1 long sword of holy wrath hits your juggernaut!
The cherub unwields a +0 longbow.
The cherub wields a +4 flail of flaming.
It bursts into flame!
The cherub hits your juggernaut with a +4 flail of flaming!!
The cherub burns your juggernaut!
Your juggernaut dies!
Your juggernaut's corpse shimmers and vanishes!
Fire: b) +2 arbalest (freeze)
Press: ? - help, Q - select action, (/) - cycle Shift-Dir - straight line, f/p - juggernaut
Aim: a juggernaut (heavily wounded, haloed, 97% to hit)
You shoot a bolt. The bolt hits the juggernaut!
The bolt freezes the juggernaut!
The juggernaut is severely wounded.
Fire: b) +2 arbalest (freeze)
Press: ? - help, Q - select action, (/) - cycle Shift-Dir - straight line, f/p - juggernaut
Aim: a juggernaut (severely wounded, haloed, 97% to hit)
You shoot a bolt.
The bolt hits the juggernaut but does no damage.
The juggernaut is severely wounded.
Fire: b) +2 arbalest (freeze)
Press: ? - help, Q - select action, (/) - cycle Shift-Dir - straight line, f/p - juggernaut
Aim: a juggernaut (severely wounded, haloed, 97% to hit)
You shoot a bolt. The bolt hits the juggernaut!
The bolt freezes the juggernaut.
The juggernaut is almost dead.
The juggernaut hits you!!!
* * * LOW HITPOINT WARNING * * *
The juggernaut hits you!!
You die...

# .. ###### #
#.§§§## ##.## #
.
####§§§.###§..
#.
#@CA(§§.§'G§_.G
§A
####G§§.###..
## .
§§§.##8##.##8 #
## ###⌠.⌠###⌠ .
. .).....X.X...
. X## . . # #
.# . ## #. .###
#. . . #. .. ..


You could see a juggernaut, an ophan, a cherub (strong) and a +1 long sword of
holy wrath.

Vanquished Creatures
  Jorgrun (Snake:2)
  Asterion (Elf:3)
  A deep elf master archer (Elf:3)
  A tentacled starspawn (Abyss:4)
  Gastronok (D:10)
  4 nagarajas (Snake:4)
  3 deep elf sorcerers (Elf:3)
  A deep elf elementalist (Elf:3)
  A cacodemon (WizLab)
  Aizul (Snake:2)
  An orc warlord (Orc:2)
  An eleionoma (Swamp:3)
  A lorocyproca (WizLab)
  A bunyip (Swamp:2)
  6 deep elf annihilators (Elf:3)
  2 deep elf death magi
  2 deep elf demonologists (Elf:3)
  A green death (Swamp:4)
  2 blizzard demons (WizLab)
  A deep elf high priest (Elf:1)
  10 hydras
  A great orb of eyes (Swamp:4)
  A hell beast (Swamp:4)
  2 anacondas (Snake:4)
  A salamander tyrant (Snake:2)
  2 boulder beetles
  An ogre mage (D:14)
  A ghost crab (Swamp:4)
  A centaur warrior (D:14)
  A catoblepas (Lair:1)
  A two-headed ogre (D:14)
  21 dancing weapons
  11 naga warriors
  2 death yaks (Lair:2)
  5 alligators
  2 naga sharpshooters (Snake:1)
  4 thrashing horrors
  5 shock serpents
  4 orc high priests (Orc:2)
  A spriggan berserker (Swamp:1)
  A sun demon (WizLab)
  Sonja (Lair:3)
  6 deep elf knights
  5 goliath frogs
  3 naga ritualists (Snake:4)
  2 spriggan druids
  2 salamander mystics
  A shadow demon (WizLab)
  4 sea snakes (Snake:4)
  7 bog bodies
  15 deep elf zephyrmancers
  2 deep elf archers
  A lindwurm (Lair:5)
  4 swamp dragons (Swamp:4)
  16 deep elf pyromancers
  A necromancer (D:15)
  An orc sorcerer (Orc:2)
  2 orc knights (Orc:2)
  6 mana vipers
  9 ugly things
  A cyclops (D:14)
  A worldbinder (Abyss:4)
  7 salamanders
  An oklob plant (Lair:5)
  4 large abominations
  2 will-o-the-wisps (Swamp:4)
  3 elephants
  2 guardian serpents (Snake:4)
  2 smoke demons
  9 naga magi
  22 black mambas
  An orange demon (Swamp:4)
  8 cane toads
  3 rime drakes
  An unseen horror (D:13)
  A kobold demonologist (D:14)
  An efreet (Abyss:4)
  4 komodo dragons
  3 ancient zymes (Lair:5)
  5 trolls
  6 bloated husks
  3 hornets
  A queen bee (shapeshifter) (Lair:5)
  7 tyrant leeches
  An ettin zombie (D:15)
  10 blink frogs
  6 slime creatures (Swamp:4)
  2 air elementals
  14 spriggans
  A wraith (D:11)
  4 ynoxinuls (WizLab)
  A water elemental (Elf:1)
  3 shadows (Swamp:4)
  28 yaks
  7 small abominations (Lair:5)
  4 basilisks
  5 fire elementals
  A golden eye (shapeshifter) (Elf:2)
  7 vampire mosquitoes
  3 chaos spawn
  3 steam dragons
  2 neqoxecs (WizLab)
  30 nagas
  8 swamp worms
  11 water moccasins
  A knight (Swamp:4)
  A floating eye (shapeshifter) (Elf:1)
  17 orc warriors
  A swamp drake (shapeshifter) (D:13)
  6 ogres
  A black bear (D:7)
  A sky beast (D:8)
  6 wolves
  4 centaurs
  2 phantoms
  4 bullfrogs
  3 kobold brigands
  A gnoll sergeant (D:5)
  An earth elemental (Elf:1)
  3 necrophages
  2 scorpions (D:6)
  4 wights
  9 killer bees
  5 electric eels
  A jelly (D:7)
  2 gnoll boudas
  5 orc priests
  3 hounds
  3 iguanas
  14 orc wizards
  5 hell rats (Lair:4)
  17 gnolls
  6 adders
  A shadow imp (D:7)
  9 white imps
  An ufetubus (D:5)
  2 worms (D:4)
  2 dart slugs (D:2)
  34 orcs
  5 bats
  3 endoplasms
  5 giant cockroaches
  7 hobgoblins
  3 jackals (D:3)
  10 kobolds
  4 quokkas
  10 ball pythons
  2 frilled lizards (D:1)
  6 goblins
  6 rats
  A starspawn tentacle (Abyss:4)
687 creatures vanquished.

Vanquished Creatures (collateral kills)
  A Brimstone Fiend (WizLab)
  Rupert (D:14)
  A deep elf blademaster (Elf:3)
  A tentacled starspawn (Abyss:4)
  2 thorn hunters
  3 nagarajas (Snake:4)
  3 deep elf elementalists (Elf:3)
  2 lorocyprocas (WizLab)
  2 deep elf demonologists (Elf:3)
  2 deep elf annihilators (Elf:3)
  5 bunyips
  Snorg (Lair:4)
  A green death (Swamp:4)
  2 deep elf high priests (Elf:3)
  4 hydras
  A boulder beetle (D:11)
  A ghost crab (Swamp:4)
  4 anacondas (Snake:4)
  2 centaur warriors (D:13)
  A two-headed ogre (D:14)
  5 alligators
  A tengu warrior (D:14)
  9 dancing weapons
  A death yak (Lair:2)
  6 naga warriors
  2 orc high priests (Orc:2)
  A thrashing horror (Lair:5)
  3 deep elf knights
  A sun demon (WizLab)
  7 naga sharpshooters
  6 shock serpents
  A sea snake (Snake:4)
  2 spriggan druids
  2 swamp dragons (Swamp:4)
  A bog body (Swamp:4)
  3 naga ritualists
  3 deep elf archers
  A lindwurm (Lair:3)
  A large abomination (Swamp:4)
  3 deep elf zephyrmancers
  2 orc sorcerers (Orc:2)
  4 deep elf pyromancers
  3 mana vipers (Snake:3)
  4 ugly things
  A will-o-the-wisp (Swamp:4)
  2 cyclopes
  2 manticores
  8 salamanders
  10 elephants
  15 black mambas
  4 cane toads
  4 guardian serpents
  9 naga magi
  Maggie (Lair:2)
  A gargoyle (D:12)
  A kobold demonologist (D:11)
  3 komodo dragons
  An ancient zyme (Abyss:4)
  7 trolls
  6 hornets
  A bloated husk (Swamp:3)
  3 tyrant leeches (Swamp:2)
  9 blink frogs
  A ynoxinul (Lair:5)
  2 wraiths
  7 spriggans
  2 basilisks (Lair:3)
  A fire elemental (Lair:2)
  21 yaks
  A chaos spawn (Lair:5)
  2 vampire mosquitoes (Swamp:1)
  3 wargs
  22 nagas
  2 swamp worms
  3 water moccasins
  3 small abominations
  10 orc warriors
  An ice beast (D:7)
  9 wolves
  3 boggarts (Lair:3)
  A phantom (D:6)
  A centaur (D:13)
  2 kobold brigands
  8 bullfrogs
  A gnoll sergeant (D:8)
  2 earth elementals
  A scorpion (D:6)
  4 wights (D:8)
  9 killer bees
  7 hounds
  3 orc priests
  8 orc wizards
  2 hell rats (Lair:4)
  2 gnolls (D:8)
  4 white imps (Lair:2)
  An ufetubus (D:5)
  24 orcs
  8 kobolds
  A starspawn tentacle (Abyss:4)
382 creatures vanquished.

Vanquished Creatures (others)
  A deep elf master archer (Elf:3)
  A hell beast (Swamp:4)
  2 deep elf zephyrmancers (Elf:1)
  A bloated husk (Swamp:2)
  A vampire mosquito (Swamp:2)
  A swamp worm (Swamp:3)
  A sky beast (D:6)
  23 knights
  8 ancestors
  An orc (D:5)
  7 foxfires (Swamp:4)
  41 fungi
  A lurking horror (Abyss:4)
  55 plants
  5 starspawn tentacles (Abyss:4)
  3 withered plants (D:15)
152 creatures vanquished.

Grand Total: 1221 creatures vanquished

Notes
Turn   | Place    | Note
-------+----------+-------------------------------------------
     0 | D:1      | ragingrage the Barachi Reaver began the quest for the Orb.
     0 | D:1      | Reached XP level 1. HP: 17/17 MP: 3/3
   191 | D:1      | Reached XP level 2. HP: 22/23 MP: 5/5
   663 | D:2      | Reached skill level 5 in Long Blades
   663 | D:2      | Reached XP level 3. HP: 24/28 MP: 6/6
  1206 | D:3      | Reached XP level 4. HP: 31/34 MP: 7/7
  1484 | D:3      | Reached XP level 5. HP: 19/39 MP: 8/8
  1597 | D:3      | Found Cigatwik's Weapon Emporium.
  1724 | D:3      | Found a hazy altar of Hepliaklqana.
  1949 | D:3      | Became a worshipper of Hepliaklqana the Forgotten
  2383 | D:4      | Reached XP level 6. HP: 46/46 MP: 9/9
  2551 | D:4      | Found a snail-covered altar of Cheibriados.
  2793 | D:4      | Found Iduj's Assorted Antiques.
  3127 | D:4      | Reached * piety under Hepliaklqana
  3485 | D:5      | Entered Level 5 of the Dungeon
  3502 | D:5      | Reached XP level 7. HP: 43/45 MP: 10/10
  3694 | D:5      | Reached skill level 5 in Conjurations
  3787 | D:5      | Noticed a steam dragon
  3813 | D:5      | Killed a steam dragon
  3814 | D:5      | Reached skill level 10 in Long Blades
  3814 | D:5      | Reached XP level 8. HP: 37/50 MP: 9/11
  4189 | D:6      | Found an opulent altar of Gozag.
  4207 | D:6      | Found a sparkling altar of Nemelex Xobeh.
  4258 | D:6      | Reached skill level 1 in Ranged Weapons
  4480 | D:6      | Found a staircase to the Ecumenical Temple.
  4753 | D:6      | Reached XP level 9. HP: 55/55 MP: 12/12
  5038 | D:6      | Found a burning altar of Makhleb.
  5052 | D:6      | Found a shimmering altar of Xom.
  5080 | D:6      | Found a sacrificial altar of Ru.
  5091 | D:6      | Found an ancient bone altar of Kikubaaqudgha.
  5255 | D:7      | Reached skill level 5 in Ranged Weapons
  5366 | D:7      | Reached ** piety under Hepliaklqana
  5369 | D:7      | Remembered your ancestor Cihuaton as a knight
  6498 | D:8      | Found the ring of the Octopus King
  6500 | D:8      | Identified a ring of the Octopus King {HP+2 MP+9 AC+2 EV+2
                  | SH+2}
  6682 | D:8      | Noticed a hornet
  6694 | D:8      | Killed a hornet
  6695 | D:8      | Reached XP level 10. HP: 61/61 MP: 13/13
  6739 | D:8      | Found a glowing silver altar of Zin.
  6745 | D:8      | Reached *** piety under Hepliaklqana
  6856 | D:8      | Found a broken altar of Ashenzari.
  7373 | D:9      | Reached skill level 10 in Ranged Weapons
  7547 | D:9      | Found a staircase to the Lair.
  7883 | D:9      | Noticed a naga mage
  7890 | D:9      | Killed a naga mage
  7891 | D:9      | Reached XP level 11. HP: 49/65 MP: 14/14
  8029 | D:10     | Entered Level 10 of the Dungeon
  8414 | D:10     | Reached **** piety under Hepliaklqana
  8529 | D:10     | Identified the +0 pair of boots of the Yeti {Dex+4}
  8566 | D:10     | Found an iron altar of Okawaru.
  8566 | D:10     | Found a bloodstained altar of Trog.
  8745 | D:10     | Noticed Gastronok
  8763 | D:10     | Killed Gastronok
  8836 | D:10     | You fall into a shaft and drop 1 floor!
  8875 | D:11     | Identified the +0 ring mail of Uchyzuab {Fly rElec Dex+2
                  | Slay-5}
  8923 | D:11     | Noticed a boulder beetle
  8954 | D:11     | Killed a boulder beetle
  9359 | D:11     | Noticed a boulder beetle
  9418 | Lair:1   | Entered Level 1 of the Lair of Beasts
  9418 | Lair:1   | Noticed a catoblepas
  9440 | Lair:1   | Killed a catoblepas
  9441 | Lair:1   | Reached skill level 15 in Ranged Weapons
  9613 | Lair:1   | Reached ***** piety under Hepliaklqana
  9653 | Lair:1   | Reached XP level 12. HP: 72/72 MP: 15/15
 10764 | Lair:2   | Noticed a death yak
 10789 | Lair:2   | Killed a death yak
 10900 | Lair:1   | Reached skill level 1 in Evocations
 10914 | Lair:1   | Reached skill level 1 in Armour
 11342 | Lair:1   | Reached skill level 1 in Stealth
 11342 | Lair:1   | Reached skill level 1 in Invocations
 11513 | Lair:2   | Noticed Maggie
 11525 | Lair:2   | Killed Maggie
 11536 | Lair:2   | Reached skill level 2 in Armour
 11769 | Lair:2   | Found a staircase to the Swamp.
 11964 | Lair:2   | Reached skill level 3 in Armour
 12256 | Lair:3   | Noticed a five-headed hydra
 12268 | Lair:3   | Killed a five-headed hydra
 12309 | Lair:3   | Found a staircase to the Snake Pit.
 12469 | Lair:3   | Noticed Sonja
 12521 | Lair:3   | Killed Sonja
 12522 | Lair:3   | Reached skill level 5 in Fighting
 12522 | Lair:3   | Reached skill level 4 in Armour
 12522 | Lair:3   | Gained mutation: You can hop long distances. [Barachi
                  | growth]
 12522 | Lair:3   | Reached XP level 13. HP: 80/81 MP: 16/16
 12853 | Lair:3   | Reached skill level 5 in Dodging
 12894 | Lair:3   | Reached skill level 5 in Armour
 13820 | Lair:4   | Reached skill level 5 in Evocations
 14088 | Lair:4   | Identified 2 scrolls of acquirement
 14090 | Lair:4   | Acquired the +3 pair of mountain boots {steadfast, rC+}
 14090 | Lair:4   | Found the +3 pair of mountain boots {steadfast, rC+}
 14104 | Lair:4   | Acquired the +1 pair of gloves of Mopeonak {rN+ Will+}
 14182 | Lair:4   | Reached skill level 5 in Stealth
 14195 | Lair:4   | Found a runed translucent door.
 14197 | Lair:4   | Noticed lotum's ghost (journeyman TeMo)
 14302 | Lair:4   | Reached skill level 6 in Armour
 14576 | Lair:4   | Noticed Snorg
 14583 | Lair:4   | Killed Snorg
 15062 | Lair:5   | Entered Level 5 of the Lair of Beasts
 15156 | Lair:5   | Reached skill level 5 in Invocations
 15224 | Lair:5   | Reached skill level 7 in Armour
 15330 | Lair:5   | Reached XP level 14. HP: 40/93 MP: 18/18
 16066 | Lair:2   | Reached skill level 8 in Armour
 16112 | Lair:2   | Identified the amulet "Wyxkor" {Spirit rElec Regen+}
 17677 | D:12     | Found a staircase to the Orcish Mines.
 18948 | D:14     | Reached skill level 9 in Armour
 19136 | D:14     | Found a sacrificial altar of Ru.
 19408 | D:14     | Found a gate to the Vaults.
 19487 | D:14     | Noticed Rupert
 19499 | D:14     | Killed Rupert
 19708 | Orc:1    | Entered Level 1 of the Orcish Mines
 19817 | Orc:2    | Entered Level 2 of the Orcish Mines
 20098 | Orc:2    | Found Kagomnothre's Antique Weapon Emporium.
 20108 | Orc:2    | Reached XP level 15. HP: 35/103 MP: 9/20
 20218 | Orc:2    | Reached skill level 10 in Fighting
 20258 | Orc:2    | Noticed an orc warlord
 20272 | Orc:2    | Killed an orc warlord
 20486 | Orc:2    | Bought a smoking scimitar for 243 gold pieces
 20486 | Orc:2    | Identified the +5 scimitar "With Two Names" {vorpal, rElec
                  | rPois rF- rN+} (You bought it in a shop on level 2 of the
                  | Orcish Mines)
 20585 | Orc:2    | Found Kuni's Antique Armour Shop.
 20609 | Orc:2    | Found Bousk's Jewellery Emporium.
 20875 | Orc:2    | Found Pualu's Jewellery Shoppe.
 20927 | Orc:2    | Bought a pair of smouldering gloves for 275 gold pieces
 20927 | Orc:2    | Identified the +0 pair of gloves of the Hippo {rC+ rN++
                  | Int+3 Slay-5} (You bought it in a shop on level 2 of the
                  | Orcish Mines)
 20974 | Orc:2    | Found Uruetz's General Store.
 20999 | Orc:2    | Reached skill level 10 in Armour
 21046 | Orc:2    | Bought a potion of curing for 42 gold pieces
 21046 | Orc:2    | Bought a potion of curing for 42 gold pieces
 21073 | Orc:2    | Found a staircase to the Elven Halls.
 21682 | D:15     | Entered Level 15 of the Dungeon
 22087 | Snake:1  | Entered Level 1 of the Snake Pit
 22112 | Snake:1  | Found Viliob's Distillery.
 22121 | Snake:1  | Bought a potion of curing for 48 gold pieces
 22121 | Snake:1  | Bought a potion of curing for 48 gold pieces
 22190 | Snake:1  | Found a hide-covered altar of Uskayaw.
 23135 | Snake:2  | Noticed Jorgrun
 23135 | Snake:2  | Noticed Aizul
 23423 | Snake:2  | Killed Jorgrun
 23697 | Snake:2  | Killed Aizul
 24186 | Snake:3  | Reached XP level 16. HP: 98/111 MP: 22/22
 25097 | Snake:4  | Entered Level 4 of the Snake Pit
 25530 | Snake:4  | Reached skill level 11 in Armour
 25542 | Snake:4  | Found Libbemia's Weapon Boutique.
 25568 | Snake:4  | Reached skill level 10 in Stealth
 25662 | Snake:4  | Noticed a nagaraja
 25689 | Snake:4  | Killed a nagaraja
 25953 | Snake:4  | Noticed a nagaraja
 26034 | Snake:4  | Reached skill level 12 in Armour
 26195 | Snake:4  | Reached XP level 17. HP: 95/121 MP: 22/23
 26304 | Snake:4  | Found Hesocuac's Jewellery Emporium.
 26304 | Snake:4  | Found Ydebewk's Book Boutique.
 26315 | Snake:4  | Found Novor Ysu's Book Boutique.
 26586 | Snake:4  | Reached skill level 13 in Armour
 26689 | Snake:4  | Found a runed translucent gate.
 26689 | Snake:4  | Found a runed translucent gate.
 26689 | Snake:4  | Found a runed translucent gate.
 26691 | Snake:4  | Found an opulent altar of Gozag.
 26694 | Snake:4  | Noticed Holoquod's ghost (adept MiMo)
 26727 | Snake:4  | Found Qagent's Assorted Antiques.
 26964 | Snake:4  | Got a serpentine rune of Zot
 27834 | Lair:5   | Found a viscous altar of Jiyva.
 27842 | Lair:5   | Found a staircase to the Slime Pits.
 28061 | Lair:5   | Reached skill level 14 in Armour
 28250 | Lair:5   | Found a corrupted altar of Lugonu.
 28250 | Lair:5   | Found a one-way gate to the infinite horrors of the Abyss.
 28260 | Lair:5   | Identified the ring "Ottac" {rElec rF+ Slay+3}
 28505 | Swamp:1  | Entered Level 1 of the Swamp
 28646 | Swamp:1  | Reached skill level 15 in Fighting
 28786 | Swamp:1  | Reached skill level 15 in Armour
 28821 | Swamp:1  | Reached ****** piety under Hepliaklqana
 29228 | Swamp:2  | Identified the +3 leather armour of Plog {-Tele Harm rF+
                  | Slay+3}
 29342 | Swamp:2  | Found a basalt altar of Yredelemnul.
 29527 | Swamp:2  | Found a large runed translucent door.
 29527 | Swamp:2  | Found a large runed translucent door.
 29529 | Swamp:2  | Noticed cforsyth's ghost (adept AtGl)
 29765 | Swamp:3  | Reached XP level 18. HP: 134/134 MP: 25/25
 29845 | Swamp:3  | Reached skill level 10 in Invocations
 30003 | Swamp:3  | Reached skill level 16 in Armour
 30270 | Swamp:4  | Entered Level 4 of the Swamp
 31357 | Swamp:4  | Reached skill level 17 in Armour
 31435 | Swamp:4  | Got a decaying rune of Zot
 31798 | Elf:1    | Entered Level 1 of the Elven Halls
 31825 | Elf:1    | Learned a level 2 spell: Blink
 31829 | Elf:1    | Learned a level 3 spell: Portal Projectile
 32016 | Elf:1    | Found a magical portal.
 32073 | WizLab   | Entered Doroklohe's Tomb
 32735 | WizLab   | Reached skill level 1 in Hexes
 32742 | WizLab   | Reached skill level 1 in Translocations
 32749 | WizLab   | Noticed a Brimstone Fiend
 32756 | WizLab   | Killed a Brimstone Fiend
 32999 | WizLab   | Identified the +1 scale mail of the Solstice {rCorr Int+2
                  | Slay+6}
 33006 | WizLab   | Identified the +0 ring mail of Gluttony {Will++ Int+5}
 33478 | Elf:1    | Found Raipos's Book Boutique.
 33685 | Elf:1    | Reached XP level 19. HP: 139/139 MP: 27/27
 33852 | Elf:2    | Identified the +8 flail of Dishonesty {antimagic, Drain
                  | rElec rC- Int+5}
 33900 | Elf:2    | Found Licves's Antique Weapon Boutique.
 34018 | Elf:2    | Reached skill level 18 in Armour
 34021 | Elf:2    | Found a runed translucent gate.
 34021 | Elf:2    | Found a runed translucent gate.
 34021 | Elf:2    | Found a runed translucent gate.
 34069 | Elf:2    | Reached skill level 5 in Hexes
 34071 | Elf:2    | Reached skill level 5 in Translocations
 34268 | Elf:2    | Identified the +4 shortbow of Disintegration {speed, Str+2}
 34365 | Elf:3    | Entered Level 3 of the Elven Halls
 34392 | Elf:3    | Found a runed translucent gate.
 34392 | Elf:3    | Found a runed translucent gate.
 34392 | Elf:3    | Noticed Zonian's ghost (adept DjIE)
 34393 | Elf:3    | Found a runed translucent gate.
 34399 | Elf:3    | Found a flickering gateway to a bazaar.
 34439 | Bazaar   | Entered a bazaar
 34443 | Bazaar   | Found Bogri's Jewellery Boutique.
 34465 | Bazaar   | Found Vutut's Antique Armour Emporium.
 34486 | Bazaar   | Found Duhu's Armour Boutique.
 34506 | Bazaar   | Found Giluss's Antique Armour Shoppe.
 34533 | Bazaar   | Bought a smelly ring mail for 306 gold pieces
 34533 | Bazaar   | Identified the +1 ring mail "Otoam" {Dex+4} (You bought it
                  | in a shop in a bazaar)
 34566 | Bazaar   | Bought a glimmering chain mail for 247 gold pieces
 34566 | Bazaar   | Identified the +3 chain mail of Masochism {MP+9} (You
                  | bought it in a shop in a bazaar)
 34585 | Bazaar   | Bought the ring "Cahe" {Fly rElec Dex+6 Stlth-} for 659
                  | gold pieces
 34788 | Elf:3    | Noticed Asterion
 34797 | Elf:3    | Killed Asterion
 34797 | Elf:3    | Paralysed by an air elemental for 1 turns
 35058 | Elf:3    | Found a shimmering blue altar of Sif Muna.
 35364 | Elf:3    | Found a viscous altar of Jiyva.
 35569 | Orc:2    | Bought a +0 antimagic arbalest for 217 gold pieces
 36222 | Elf:3    | Identified the +6 halberd of Subjectivity {venom, Will+
                  | Int+2 Dex+9}
 36402 | Elf:3    | Identified the ring "Nuobruf" {rC+ SInv}
 36428 | Elf:3    | Reached skill level 19 in Armour
 37449 | Elf:3    | Identified the +6 spear of the Unseen Realm {pain, rC+
                  | Will+++}
 37460 | Elf:3    | Identified the +5 demon blade "Lacertilianslayer" {flame,
                  | Dex+4}
 37665 | Abyss:4  | Cast into level 4 of the Abyss (a deep elf sorcerer)
 37803 | Abyss:4  | Found a glowing golden altar of the Shining One.
 37809 | Abyss:4  | Noticed a juggernaut
 37814 | Abyss:4  | Got an abyssal rune of Zot
 37823 | Abyss:4  | Mangled by a juggernaut

Illustrated notes

Levels and vault maps discovered:
D:1:      minmay_arrival_stone_box, layout_basic, minmay_tetromino_i4
D:2:      layout_rooms
D:3:      layout_basic, worldfamousw_hep_ancestral_shrine, serial_shops,
          nicolae_shop_bloodbath_and_beyond
D:4:      cheibrodos_barr_body, layout_loops_corners, lemuel_doored_altar,
          serial_shops, nicolae_shop_waterfront
D:5:      layout_basic, chequers_serial_rivers_micro_d
D:6:      layout_rooms, nemelex_diamond_rough_becter,
          nicolae_overflow_quartered_altars, lemuel_tele_altar,
          minmay_temple_entry_waves
D:7:      cheibrodos_helix_gallery, layout_layer_cave, grunt_ministairs_7
D:8:      layout_basic, nicolae_overflow_hidden_temple,
          ashenzari_conservatory_becter, minivault_10
D:9:      layout_roguey, erik_lair_island, minmay_librarian
D:10:     layout_layer_cave, grunt_temple_overflow_bloody_war, uniq_gastronok
D:11:     layout_rooms
D:12:     layout_loops_ring, orc_0_dummy
D:13:     layout_basic, lemuel_flamethrower_2
D:14:     layout_layer_cave, david_vaults_2, nicolae_ru_sacrificial_ziggurat,
          uniq_rupert
D:15:     gammafunk_depths_entry_grave, layout_loops_ring, nicolae_titane
Lair:1:   layout_cave_pods, infiniplex_staircase_pool_2, serial_bayou_shore_b,
          serial_bayou_shore_a, grunt_megastairs_1
Lair:2:   layout_gridlike, swamp_mist_pool, portal_ice_cave_entry_imps,
          uniq_maggie
Lair:3:   kb_forest_paths, layout_cave_shapes, guppyfry_snake_entry_garden,
          uniq_sonja
Lair:4:   layout_cave_pods, ebering_ghost_inner_flame, uniq_snorg
Lair:5:   hellmonk_lair_end_abyssal_woods, layout_long_grid,
          minmay_slime_entry_oklob_enclosed, chequers_serial_rivers_small_3
Swamp:1:  layout_falls_marsh, nicolae_swamp_very_dense_foliage
Swamp:2:  layout_falls_marsh, ebering_ghost_disaster_area,
          lemuel_altar_in_water, infiniplex_staircase_pool
Swamp:3:  layout_basic_swamp, evilmike_swamp_ruin_house_2, swamp_pool1,
          nicolae_swamp_fairy_circle, nicolae_swamp_super_fun_site
Swamp:4:  swamp_vile, layout_basic_swamp
Snake:1:  layout_cave_shapes, serial_shops, nicolae_shop_stone, basic_altar,
          grunt_megastairs_4
Snake:2:  layout_onion_interference, nicolae_large_snake_swirl,
          lemuel_fruit_tree, uniq_jorgrun, uniq_aizul
Snake:3:  layout_onion, nicolae_snake_salamander_jacuzzi
Snake:4:  grunt_snake_rune_pools, layout_cave_town, serial_shops,
          nicolae_diamond_shop, ebering_ghost_gozag, minmay_shop_grove
Orc:1:    layout_caves, basic_altar
Orc:2:    grunt_orc_gardens, layout_diamond_mine, grunt_orc_garden,
          grunt_orc_garden, grunt_orc_garden, grunt_orc_garden, serial_shops,
          nicolae_shop_waterfront
Elf:1:    eino_elf_arrival_sip, layout_rooms, mu_enter_wizlab_6, serial_shops,
          nicolae_shop_behind_doors, kennysheep_underground_church,
          amcnicky_mini_corridor_feature
Elf:2:    nicolae_elf_blades_crystal_corner, layout_gridlike, serial_shops,
          nicolae_shop_window_shopping
Elf:3:    minmay_elf_hall_dome, layout_onion_city, serial_shops,
          bzr_entry_customers, gammafunk_ghost_ooze, basic_altar, uniq_asterion
Abyss:4:  base: Orc:1, evilmike_abyss_rune_tso_outpost,
          evilmike_abyss_rune_tso_outpost

Skill      XL: |  1  2  3  4  5  6  7  8  9 10 11 12 13 14 15 16 17 18 19 |
---------------+----------------------------------------------------------+-----
Long Blades    | 4 5 6 7 8 10 12 13 | 13.0
Conjurations   | 4 5 |  5.0
Ranged Weapons | 4 8 12 15 16 17 18 | 18.0
Evocations     | 3 5 6 7 9 |  9.0
Armour         | 4 7 9 10 12 15 17 19 | 19.5
Fighting       | 5 7 9 10 12 15 | 15.0
Stealth        | 3 6 8 9 10 | 10.0
Invocations    | 3 5 7 8 9 11 12 | 12.0
Dodging        | 4 5 |  5.0
Hexes          | 3 5 |  5.0
Translocations | 3 9 |  9.0
Spellcasting   | 3 |  3.4

Action                   |  1- 3 |  4- 6 |  7- 9 | 10-12 | 13-15 | 16-18 | 19-21 || total
-------------------------+-------+-------+-------+-------+-------+-------+-------++-------
Melee: Falchion          |   110 |   234 |   117 |       |       |       |       ||   461
       Punch             |       |     1 |     3 |     1 |       |       |       ||     5
       Unarmed           |       |       |    21 |       |       |       |       ||    21
       Long sword        |       |       |    25 |    34 |     7 |       |       ||    66
       Scimitar          |       |       |       |       |     7 |       |       ||     7
 Fire: Shortbow          |       |    21 |   206 |   675 |  1352 |       |       ||  2254
       Arbalest          |       |       |       |       |   126 |  1254 |   326 ||  1706
Throw: Dart              |       |       |     1 |     3 |     2 |       |       ||     6
 Cast: Kiss of Death     |       |     1 |     1 |       |       |     3 |       ||     5
Invok: Recall Ancestor   |       |       |     2 |    13 |    12 |     9 |     1 ||    37
       Ancestor Life: Kn |       |       |     1 |       |       |       |       ||     1
       Transference      |       |       |       |     3 |     2 |     1 |       ||     6
       Idealise          |       |       |       |     1 |     3 |     2 |     1 ||     7
 Abil: Hop               |     1 |     3 |     5 |     8 |    14 |    12 |     1 ||    44
Evoke: Wand              |       |       |     2 |     6 |     7 |     6 |     3 ||    24
       Tin of tremorston |       |       |       |     2 |     4 |     4 |       ||    10
       Phantom mirror    |       |       |       |     1 |     3 |     2 |     1 ||     7
       Condenser vane    |       |       |       |       |     3 |     5 |     1 ||     9
       Phial of floods   |       |       |       |       |       |       |     1 ||     1
  Use: Scroll            |     2 |       |     7 |    11 |     9 |     4 |     6 ||    39
       Potion            |       |     1 |    12 |     1 |     1 |     1 |     4 ||    20
 Stab: Distracted        |       |       |       |       |     1 |       |       ||     1
Armor: Leather armour    |    19 |       |       |       |       |       |       ||    19
       Ring mail         |    22 |    77 |    53 |       |    81 |       |       ||   233
       Skin              |       |       |    11 |       |       |       |       ||    11
       Robe              |       |       |    12 |       |       |       |       ||    12
       Steam dragon scal |       |       |       |    59 |       |       |       ||    59
       Troll leather arm |       |       |       |       |    39 |       |       ||    39
       Swamp dragon scal |       |       |       |       |    34 |   222 |       ||   256
       Scale mail        |       |       |       |       |       |     6 |    41 ||    47
Dodge: Dodged            |    95 |   102 |   113 |    87 |   224 |   286 |    39 ||   946
       Repelled          |       |       |       |       |       |     2 |     4 ||     6
Block: Other             |       |       |       |     6 |    27 |    26 |     3 ||    62

Table legend: (Time is in decaauts)
 A = Elapsed time spent in this place.
 B = Non-inter-level travel time spent in this place.
 C = Inter-level travel time spent in this place.
 D = Time resting spent in this place.
 E = Time spent auto-exploring this place.
 F = Levels seen in this place.
 G = Mean time per level.
                   A        B        C        D        E       F      G
               +--------+--------+--------+--------+--------+-----+--------+
         Total |  41834 |  38380 |   3454 |   8507 |  21817 |  36 | 1162.1 |
       Dungeon |  14575 |  13289 |   1286 |   1413 |   9228 |  15 |  971.7 |
          Lair |   9940 |   8768 |   1172 |   1786 |   5338 |   5 | 1988.0 |
         Swamp |   3461 |   3320 |    141 |    788 |   1877 |   4 |  865.2 |
     Snake Pit |   5600 |   5210 |    390 |   1326 |   2519 |   4 | 1400.0 |
  Orcish Mines |   1751 |   1531 |    220 |    472 |    705 |   2 |  875.5 |
   Elven Halls |   4996 |   4752 |    244 |   1978 |   1909 |   3 | 1665.3 |
         Abyss |    168 |    168 |      0 |     10 |      0 |   1 |  168.0 |
        Bazaar |    188 |    188 |      0 |      0 |    100 |   1 |  188.0 |
        Wizlab |   1151 |   1151 |      0 |    730 |    138 |   1 | 1151.0 |
               +--------+--------+--------+--------+--------+-----+--------+

Top non-repeatable levels by time:
   Elf:3: 3185 daAuts
  Lair:1: 2335 daAuts
  Lair:3: 1995 daAuts
  Lair:4: 1976 daAuts
 Snake:4: 1923 daAuts
  Lair:5: 1912 daAuts
  Lair:2: 1720 daAuts
     D:4: 1634 daAuts
 Snake:3: 1359 daAuts
     D:7: 1340 daAuts
 Snake:1: 1339 daAuts
    D:10: 1287 daAuts
 Swamp:4: 1214 daAuts
     D:6: 1205 daAuts
  WizLab: 1151 daAuts
